Map: Ever Dream LE

Players

Speed - Winner!

  • Race: Zerg Zerg
  • League: Diamond
  • Spawn Location: 1:00

poTOSSyntess

  • Race: Protoss Protoss
  • League: Diamond
  • Spawn Location: 7:00

VOD

Have the link to the VOD?

Description

This is for the Goblin King

Time

  • Played on: July 11, 2020, 3:02 p.m.
  • Length: 14:40
Show
View Real Time Build Order
Export as new Build Order

Speed Zerg - Winner!

Build Orders: Hatch First, Lurkers 

Get SALT Encoding   

  12  0:01  Drone  
  13  0:12  Overlord  
  13  0:21  Drone  
  14  0:34  Drone x2  
  16  0:52  Hatchery  
  15  1:06  Drone  
  15  1:07  Drone  
  15  1:08  Drone  
  18  1:12  Extractor  
  17  1:19  Spawning Pool  
  16  1:31  Drone x2  
  18  1:41  Drone  
  19  1:51  Drone  
  20  2:10  Zergling x4  
  20  2:11  Queen x2  
  20  2:13  Drone  
  27  2:15  Overlord  
  27  2:22  Metabolic Boost  
  27  2:48  Hatchery  
  26  2:55  Drone x2  
  26  2:56  Drone  
  29  3:01  Drone  
  30  3:07  Drone x2  
  32  3:22  Overlord  
  32  3:23  Drone x4  
  36  3:35  Overlord  
  36  3:39  Queen  
  38  3:49  Drone x5  
  43  4:02  Baneling Nest  
  42  4:03  Drone x3  
  42  4:05  Queen x2  
  42  4:09  Overlord  
  49  4:14  Drone x2  
  49  4:15  Drone  
  52  4:26  Spore Crawler  
  52  4:27  Spore Crawler  
  50  4:35  Drone  
  50  4:36  Drone x6  
  57  4:44  Queen  
  59  4:46  Zergling x4  
  59  4:48  Overlord  
  61  4:53  Lair  
  61  4:57  Extractor  
  61  4:59  Drone x3  
  63  5:00  Drone x3  
  63  5:01  Extractor  
  63  5:04  Drone  
  66  5:14  Zergling x12  
  66  5:16  Baneling  
  66  5:17  Baneling x6  
  72  5:28  Spine Crawler  
  71  5:36  Overlord x2  
  71  5:37  Overlord  
  70  5:55  Zergling x2  
  70  5:56  Zergling x28  
  85  5:59  Baneling  
  85  6:07  Zergling x2  
  85  6:08  Zergling x8  
  87  6:23  Zergling x18  
  86  6:31  Zergling x4  
  81  6:35  Drone  
  81  6:36  Drone  
  80  6:40  Hydralisk Den  
  79  6:47  Extractor, Drone x3  
  79  6:48  Extractor, Drone x3  
  79  6:49  Overlord x2  
  81  6:54  Zergling x6  
  81  6:55  Zergling x4  
  86  7:06  Extractor, Drone x3  
  86  7:07  Centrifical Hooks  
  88  7:14  Baneling  
  88  7:15  Baneling x5  
  88  7:17  Hydralisk x5, Muscular Augments  
  98  7:29  Drone x4  
  103  7:30  Drone  
  103  7:37  Hatchery  
  103  7:38  Hatchery  
  103  7:39  Queen  
  103  7:40  Evolution Chamber  
  103  7:41  Evolution Chamber  
  103  7:42  Hydralisk x2  
  103  7:43  Zergling x2  
  105  7:53  Zergling x16  
  105  7:56  Zergling x2  
  101  8:03  Zergling x4  
  101  8:16  Zergling x10  
  101  8:19  Baneling x6  
  105  8:20  Baneling  
  105  8:21  Baneling x3  
  105  8:22  Zerg Melee Weapons Level 1  
  105  8:23  Zerg Missile Weapons Level 1  
  105  8:28  Grooved Spines  
  105  8:30  Overlord x2  
  105  8:32  Baneling x2  
  105  8:33  Baneling x5  
  105  8:45  Overlord  
  105  8:51  Baneling x6  
  105  8:52  Drone x4  
  105  8:53  Drone x4  
  105  8:55  Baneling x3  
  113  9:08  Zergling x20  
  103  9:23  Zergling x18  
  112  9:28  Baneling x2  
  112  9:29  Baneling x3  
  112  9:30  Baneling x4  
  112  9:31  Baneling x2  
  112  9:33  Drone x6  
  112  9:38  Extractor  
  117  9:47  Zergling x12  
  117  9:49  Baneling x12  
  123  9:53  Drone x6  
  123  9:58  Drone x2  
  123  9:59  Drone  
  132  10:00  Lurker Den  
  132  10:05  Zergling x2  
  132  10:06  Zergling x8  
  134  10:07  Baneling x9  
  134  10:08  Baneling x3  
  134  10:10  Zergling x2  
  134  10:11  Zergling x6  
  134  10:13  Baneling  
  138  10:16  Hydralisk x2  
  142  10:34  Zergling x2  
  142  10:35  Zergling x6  
  142  10:37  Overlord x3  
  142  10:46  Overlord  
  142  10:47  Overlord x3  
  140  10:54  Zergling x8  
  142  11:00  Lurker x2  
  142  11:01  Lurker x3  
  147  11:04  Zergling x18  
  147  11:05  Zergling x6  
  146  11:44  Zergling x2  
  146  11:45  Zergling x36  
  136  11:54  Infestation Pit  
  134  12:01  Zerg Melee Weapons Level 2, Zerg Missile Weapons Level 2  
  128  12:03  Baneling x5  
  128  12:05  Hydralisk x4  
  128  12:06  Hydralisk x4  
  144  12:08  Baneling x4  
  144  12:09  Baneling x6  
  144  12:10  Baneling x9  
  144  12:17  Zergling x10  
  144  12:19  Queen  
  144  12:21  Extractor  
  150  12:32  Zergling x24, Hatchery  
  161  12:37  Hive  
  161  12:39  Overlord x3  
  161  12:44  Hatchery  
  155  12:53  Zergling x2  
  155  12:54  Zergling x22  
  155  12:56  Baneling x2  
  167  13:04  Zergling x2  
  167  13:05  Zergling x6  
  170  13:23  Hydralisk x14  
  198  13:27  Baneling x3  
  198  13:28  Baneling x8  
  189  13:34  Spine Crawler  
  189  13:36  Spine Crawler  
  178  13:41  Zergling x10  
  178  13:45  Baneling x5  
  181  13:49  Zergling x20  
  181  13:53  Baneling x5  
  191  14:01  Baneling x7  
  191  14:04  Zergling x16  
  191  14:05  Zergling x2  
  187  14:21  Zergling x34  
  187  14:22  Zergling x2  
  187  14:23  Zergling x2  
Show
View Real Time Build Order
Export as new Build Order

poTOSSyntess Protoss 

Build Orders:  

Get SALT Encoding   

  12  0:02  Probe  
  13  0:14  Probe  
  13  0:20  Pylon  
  14  0:26  Probe  
  15  0:38  Probe  
  16  0:46  Forge  
  16  0:51  Probe  
  17  0:59  Probe  
  18  1:07  Probe  
  18  1:09  Gateway  
  18  1:17  Probe  
  19  1:18  Assimilator  
  20  1:29  Probe  
  21  1:41  Probe  
  22  1:59  Pylon  
  22  2:00  Probe  
  23  2:06  Cybernetics Core  
  23  2:11  Pylon  
  23  2:17  Probe  
  24  2:23  Photon Cannon  
  24  2:27  Assimilator  
  24  2:29  Probe  
  25  2:40  Photon Cannon  
  25  2:41  Photon Cannon  
  25  2:46  Probe  
  26  2:55  Nexus  
  26  2:58  Probe  
  26  3:01  Warp Gate  
  26  3:02  Adept, Robotics Facility  
  29  3:12  Probe  
  30  3:24  Probe  
  31  3:37  Pylon  
  31  3:43  Protoss Ground Weapons Level 1  
  31  3:45  Probe  
  31  3:47  Immortal  
  31  3:55  Adept  
  37  3:57  Robotics Facility  
  37  3:58  Probe  
  38  4:06  Pylon  
  38  4:07  Probe  
  39  4:10  Probe  
  39  4:13  Gateway  
  39  4:17  Pylon  
  40  4:32  Probe  
  41  4:39  Probe  
  41  4:42  Immortal  
  41  4:44  Probe  
  47  4:50  Warp Prism  
  47  4:52  Pylon  
  49  4:56  Gateway  
  49  5:06  Gateway  
  49  5:12  Stalker  
  49  5:13  Stalker  
  49  5:14  Immortal x2  
  61  5:32  Probe  
  62  5:44  Probe  
  62  5:48  Zealot, Adept  
  67  5:52  Immortal  
  71  5:59  Warp Prism  
  71  6:01  Probe  
  74  6:06  Assimilator  
  74  6:07  Assimilator  
  74  6:09  Pylon x2  
  68  6:32  Observer  
  57  6:35  Immortal  
  57  6:36  Zealot x2  
  57  6:37  Zealot x2  
  57  6:54  Probe x2, Gateway  
  57  6:57  Gateway  
  57  6:59  Immortal  
  63  7:06  Probe  
  63  7:14  Zealot  
  63  7:15  Zealot x3  
  69  7:17  Protoss Ground Armor Level 1  
  69  7:22  Probe  
  72  7:34  Probe x2, Nexus  
  74  7:39  Pylon  
  74  7:41  Immortal  
  64  7:58  Immortal  
  66  8:11  Immortal  
  62  8:19  Zealot x2  
  62  8:20  Zealot x4  
  74  8:29  Photon Cannon  
  74  8:35  Probe  
  75  8:45  Probe  
  75  8:46  Probe  
  76  8:49  Probe  
  76  8:53  Probe  
  64  9:13  Zealot x4  
  65  9:18  Immortal x2  
  65  9:23  Protoss Shields Level 1  
  65  9:25  Zealot  
  65  9:26  Zealot  
  65  9:27  Gateway x2  
  77  9:36  Twilight Council  
  77  9:40  Probe x3  
  80  9:52  Probe x2  
  82  9:56  Assimilator  
  82  9:57  Immortal  
  86  10:01  Assimilator  
  86  10:02  Pylon  
  86  10:08  Probe x2  
  88  10:15  Pylon  
  88  10:16  Probe  
  88  10:19  Immortal  
  93  10:32  Templar Archives  
  93  10:35  Probe x2  
  79  10:43  Zealot  
  79  10:44  Zealot x3  
  85  11:00  Gateway  
  89  11:04  Immortal  
  89  11:09  Observer, Zealot  
  89  11:10  High Templar x2  
  89  11:11  High Templar  
  97  11:16  Probe  
  97  11:17  High Templar  
  100  11:18  Archon  
  100  11:21  Archon  
  100  11:28  Observer  
  78  11:43  Observer  
  60  11:50  Probe x3  
  60  11:52  Zealot x2  
  54  12:02  High Templar x2  
  54  12:06  Archon  
  54  12:07  Photon Cannon  
  58  12:14  Probe  
  59  12:20  Zealot  
  61  12:23  Probe  
  57  12:54  Probe x3  
  57  12:56  High Templar  
  62  13:01  High Templar  
  62  13:05  Archon  
  60  13:21  High Templar x2  
  60  13:25  Probe, Archon  
  64  13:27  Probe  
  66  13:50  High Templar x2  
  66  13:54  Archon  
  18  14:24  Zealot  
  18  14:25  Adept  
  18  14:26  Adept  
  17  14:32  Zealot  
Tags
 
Composition
Lurkers
Matchup
PvZ
Spawn Locations
Cross Positions
Add a new tag
Caveats
  • Supply blocks, unpowered buildings, or Contaminate may cause inaccurate times.
  • Supply counts are checked every 10 seconds.